Construct Section Command Post
Selects Canadian Shock Battlegroup
Selects Canadian Shock Battlegroup
Construct Platoon Command Post
Selects Canadian Shock Section
Selects Incendiary Munitions
6-pounder Anti-tank Gun Team
6-pounder Anti-tank Gun Team
Construct Field Infirmary
Construct Company Command Post
Selects Churchill Crocodile Heavy Tank
Churchill Crocodile Heavy Tank
Unlock Towed 17-pounder Anti-tank Guns
17-pounder Anti-tank Gun Team